 Dungeon Crawl Stone Soup version 0.23.2-1-ga50397a (webtiles) character file.

Game seed: 14900759579534016108

1253 ohad the Changer (level 8, -1/48 HPs)
             Began as an Octopode Transmuter on May 18, 2019.
             Was a Believer of Okawaru.
             Shot with an arrow by a centaur (15 damage)
             ... on level 5 of the Dungeon.
             The game lasted 00:14:58 (6970 turns).

ohad the Changer (Octopode Transmuter)              Turns: 6970, Time: 00:14:59

Health: -1/48      AC:  2    Str:  9    XL:     8   Next: 51%
Magic:  12/15      EV: 17    Int: 17    God:    Okawaru [**....]
Gold:   207        SH:  0    Dex: 18    Spells: 2/16 levels left

rFire    . . .     SeeInvis .     - Unarmed
rCold    . . .     Gourm    .   (shield currently unavailable)
rNeg     + . .     Faith    .   (helmet currently unavailable)
rPois    x         Spirit   .   (no amulet)
rElec    .         Reflect  .   u - ring "Dadam" {rN+ EV-3} (curse)
rCorr    .         Harm     .   (no ring)
MR       .....                  (no ring)
Stlth    ++........             (no ring)
HPRegen  0.16/turn              (no ring)
MPRegen  0.14/turn              (no ring)
                                (no ring)
                                (no ring)

@: spider-form
A: tiny, almost no armour, stealthy swim, (amphibious), 8 rings, (constrict 8)
a: End Transformation, Heroism, Renounce Religion


You were on level 5 of the Dungeon.
You worshipped Okawaru.
Okawaru was pleased with you.
You were not hungry.
You were a venomous arachnid creature.
You visited 1 branch of the dungeon, and saw 5 of its levels.

You collected 207 gold pieces.

Inventory:

Hand Weapons
 b - a +0 short sword of speed
Missiles
 a - 46 arrows
 g - 48 poisoned needles
Armour
 j - a +1 hat of magic resistance (melded)
Jewellery
 u - the cursed ring "Dadam" (left front leg) {rN+ EV-3}
   (You found it on level 5 of the Dungeon)

   [ring of evasion]

   It affects your evasion (-3).
   It protects you from negative energy.
   It has a curse placed upon it.
Wands
 s - a wand of paralysis (4)
Scrolls
 d - 3 scrolls of teleportation
 f - 2 scrolls of identify
 h - a scroll of vulnerability {unknown}
 i - 4 scrolls of blinking
 k - a scroll of amnesia
 l - a scroll of fog
Potions
 e - a potion of magic {unknown}
 m - a potion of curing {unknown}
 n - 2 potions of flight {unknown}
 o - a potion of might {unknown}
 p - a potion of degeneration {unknown}
 r - a potion of agility {unknown}
Comestibles
 c - 9 rations
 q - 7 chunks of flesh


   Skills:
 - Level 1.0 Fighting
 + Level 2.0 Dodging
 - Level 5.0 Unarmed Combat
 - Level 4.6 Spellcasting
 - Level 6.4 Transmutations
 - Level 3.6 Ice Magic
 - Level 2.6 Invocations


You had 2 spell levels left.
You knew the following spells:

 Your Spells              Type           Power        Failure   Level  Hunger
b - Sticks to Snakes      Tmut           ####....     7%          2    ##.....
c - Spider Form           Tmut/Pois      ##........   28%         3    ###....
d - Ice Form              Ice/Tmut       ###.....     38%         4    ####...
e - Blade Hands           Tmut           ####......   50%         5    ######.

Your spell library contained the following spells:

 Spells                   Type           Power        Failure   Level  Hunger
 Beastly Appendage        Tmut           ####..       5%          1    None


Dungeon Overview and Level Annotations

Branches:
Dungeon (5/15)             Temple (0/1) D:4

Altars:
Ashenzari
Nemelex Xobeh
Okawaru
Vehumet
Zin


Innate Abilities, Weirdness & Mutations

You cannot wear most types of armour.
You are very stealthy in the water. (Stealth+)
((You are amphibious.))
You can wear up to eight rings at the same time.
((You can use your tentacles to constrict eight enemies at once.))
((Your skin changes colour to match your surroundings (Stealth+).))
((Your rubbery body absorbs attacks. (AC +1, EV +1)))


Message History

Okay, then.
A centaur comes into view.
The centaur shouts!
The centaur wields a +0 shortbow.
The centaur shoots an arrow.
The arrow hits you!
You see here an arrow.
Casting: Ice Form (slightly dangerous; 19% risk of failure)
Confirm with . or Enter, or press ? or * to list all spells.
You turn into a venomous arachnid creature.
Your +1 hat of magic resistance melds into your body.
You feel less resistant to hostile enchantments.
The centaur shoots an arrow.
The arrow misses you.
Unknown command.
The centaur shoots an arrow.
The arrow closely misses you.
The centaur shoots an arrow.
The arrow hits you!
The centaur shoots an arrow.
The arrow hits you!
* * * LOW HITPOINT WARNING * * *
You see here an arrow.
The centaur shoots an arrow.
The arrow hits you!
You die...

#......# #......
#..... #....###
#......# #......# #.#
#(.....#....#
#.(.(s......#
#########.####.#c##..
..........####.#
.#######.......#
#.####### #.# #.#
####.#### ##.......#


You could see a centaur.

Vanquished Creatures
  Eustachio (D:5)
  2 orc warriors (D:5)
  An ogre (D:4)
  Blork the orc (D:5)
  A scorpion (D:4)
  A wight (D:5)
  A centaur skeleton (D:4)
  4 orc priests
  2 hounds (D:5)
  2 jellies (D:5)
  3 orc wizards (D:4)
  2 worker ants
  A hound zombie (D:5)
  Robin (D:2)
  A howler monkey skeleton (D:4)
  8 adders
  3 gnolls
  2 shadow imps (D:5)
  A worm (D:2)
  A dart slug (D:4)
  5 leopard geckos
  23 orcs
  3 giant cockroaches
  19 goblins
  11 hobgoblins
  6 jackals
  2 quokkas
  9 bats
  A jackal skeleton (D:4)
  6 kobolds
  6 rats
130 creatures vanquished.

Vanquished Creatures (collateral kills)
  An adder (D:3)
1 creature vanquished.

Vanquished Creatures (others)
  An adder (D:3)
  A bat (D:3)
2 creatures vanquished.

Grand Total: 133 creatures vanquished

Notes
Turn   | Place    | Note
-------+----------+-------------------------------------------
     0 | D:1      | ohad the Octopode Transmuter began the quest for the Orb.
     0 | D:1      | Reached XP level 1. HP: 13/13 MP: 3/3
    99 | D:1      | Reached XP level 2. HP: 18/18 MP: 3/5
   280 | D:1      | Reached skill level 3 in Transmutations
   288 | D:1      | Learned a level 2 spell: Sticks to Snakes
   453 | D:1      | Reached XP level 3. HP: 18/23 MP: 4/6
  1147 | D:2      | Noticed Robin
  1158 | D:1      | Learned a level 3 spell: Spider Form
  1257 | D:1      | Reached skill level 4 in Transmutations
  1381 | D:1      | Reached XP level 4. HP: 20/28 MP: 4/7
  1564 | D:2      | Killed Robin
  1697 | D:2      | Found a shattered altar of Ashenzari.
  2532 | D:3      | Reached XP level 5. HP: 26/33 MP: 2/9
  2662 | D:3      | Learned a level 4 spell: Ice Form
  2963 | D:3      | Reached skill level 1 in Ice Magic
  3049 | D:3      | Found a radiant altar of Vehumet.
  3152 | D:3      | Found a glowing silver altar of Zin.
  3352 | D:3      | Found an iron altar of Okawaru.
  3806 | D:3      | Reached XP level 6. HP: 38/38 MP: 11/11
  3922 | D:3      | Became a worshipper of Warmaster Okawaru
  4760 | D:4      | Found a staircase to the Ecumenical Temple.
  4832 | D:4      | Found a sparkling altar of Nemelex Xobeh.
  4846 | D:4      | Reached XP level 7. HP: 39/43 MP: 11/13
  5271 | D:4      | Learned a level 5 spell: Blade Hands
  5312 | D:4      | Reached skill level 5 in Transmutations
  5317 | D:4      | Reached * piety under Okawaru
  5911 | D:5      | Entered Level 5 of the Dungeon
  5911 | D:5      | Noticed Blork the orc
  5955 | D:5      | Reached skill level 1 in Invocations
  6092 | D:5      | Got a fine turquoise ring
  6093 | D:5      | Identified the cursed ring "Dadam" {rN+ EV-3} (You found it
                  | on level 5 of the Dungeon)
  6099 | D:5      | Noticed Eustachio
  6372 | D:5      | Reached XP level 8. HP: 8/48 MP: 10/15
  6374 | D:5      | Killed Eustachio
  6383 | D:5      | Reached skill level 6 in Transmutations
  6546 | D:5      | Killed Blork the orc
  6546 | D:5      | Reached ** piety under Okawaru
  6586 | D:5      | HP: 2/57 [poisoned by Blork the orc]
  6592 | D:5      | HP: 2/57 [poisoned by Blork the orc]
  6910 | D:5      | Reached skill level 5 in Unarmed Combat
  6970 | D:5      | Shot with an arrow by a centaur

Skill      XL: |  1  2  3  4  5  6  7  8 |
---------------+-------------------------+-----
Transmutations | 3 4 5 6 |  6.4
Spellcasting   | 3 4 |  4.6
Ice Magic      | 2 3 |  3.6
Invocations    | 2 |  2.6
Unarmed Combat | 5 |  5.0
Fighting       | |  1.0
Dodging        | |  2.0

Action                   |  1- 3 |  4- 6 |  7- 9 || total
-------------------------+-------+-------+-------++-------
Melee: Unarmed           |    70 |   178 |   127 ||   375
       Constrict         |    17 |    19 |     7 ||    43
       Kick              |    10 |    13 |       ||    23
       Tentacles         |     7 |     8 |     5 ||    20
       Punch             |     1 |       |     1 ||     2
 Cast: Beastly Appendage |    11 |    16 |       ||    27
       Spider Form       |     3 |    13 |     2 ||    18
       Sticks to Snakes  |       |     2 |       ||     2
       Ice Form          |       |     1 |     7 ||     8
Invok: Heroism           |       |       |     2 ||     2
  Use: Potion            |       |     1 |     2 ||     3
       Scroll            |       |       |     8 ||     8
 Stab: Sleeping          |     2 |     4 |     2 ||     8
  Eat: Chunk             |     2 |    13 |     6 ||    21
       Ration            |       |       |     1 ||     1
Armor: Skin              |     6 |     3 |    41 ||    50
Dodge: Dodged            |    56 |   137 |    64 ||   257
